 Dungeon Crawl Stone Soup version 0.23.1 (webtiles) character file.

Game seed: 8395084769046753175

213 Revguard the Slasher (level 5, -10/40 HPs)
             Began as a Demonspawn Gladiator on Mar 10, 2019.
             Mangled by Menkaure (19 damage)
             ... on level 4 of the Dungeon.
             The game lasted 00:09:44 (3072 turns).

Revguard the Slasher (Demonspawn Gladiator)         Turns: 3072, Time: 00:09:45

Health: -10/40     AC:  8    Str: 14    XL:     5   Next: 59%
Magic:  14/14      EV: 13    Int:  9    God:
Gold:   124        SH:  0    Dex: 16    Spells: 4/4 levels left

rFire    x . .     SeeInvis .   o - +2 falchion (slice)
rCold    + . .     Gourm    .   (no shield)
rNeg     . . .     Faith    .   l - +0 leather armour (curse)
rPois    .         Spirit   .   c - +0 helmet
rElec    .         Reflect  .   (no cloak)
rCorr    .         Harm     .   (no gloves)
MR       .....                  (no boots)
Stlth    ++........             (no amulet)
HPRegen  0.13/turn              e - ring of magical power
MPRegen  0.14/turn              s - ring of ice

@: no status effects
A: iridescent scales 2, demonic guardian 1
a: no special abilities


You were on level 4 of the Dungeon.
You were not hungry.

You visited 1 branch of the dungeon, and saw 4 of its levels.

You collected 124 gold pieces.

Inventory:

Hand Weapons
 a - a +0 long sword
 o - a +2 falchion of slicing (weapon)
Missiles
 d - 3 throwing nets (quivered)
Armour
 b - a +0 leather armour
 c - a +0 helmet (worn)
 l - a cursed +0 leather armour (worn)
Jewellery
 e - a ring of magical power (left hand)
 s - a ring of ice (right hand)
Wands
 k - a wand of flame (10)
 m - a wand of enslavement (14)
Scrolls
 g - 6 scrolls of identify {unknown}
 h - a scroll of remove curse {unknown}
 i - 3 scrolls of teleportation {unknown}
 j - a scroll of amnesia {unknown}
 p - a scroll of fog {unknown}
 r - a scroll of enchant armour {unknown}
Potions
 n - a potion of haste
Comestibles
 f - 3 rations


   Skills:
 + Level 2.9 Fighting
 + Level 4.2 Long Blades
 - Level 1.7 Throwing
 + Level 1.5 Armour
 + Level 3.3 Dodging
 - Level 0.8 Stealth
 * Level 1.2 Evocations


You had 4 spell levels left.
You didn't know any spells.
Your spell library was empty.

Dungeon Overview and Level Annotations

Branches:
Dungeon (4/15)
 Temple: D:4-7

Altars:

Annotations:
D:4 Menkaure


Innate Abilities, Weirdness & Mutations

You are mostly covered in iridescent scales. (AC +4)
A weak demonic guardian rushes to your aid.


Message History

You hit Menkaure but do no damage.
Menkaure is heavily damaged.
Your shadow imp hits Menkaure.
Menkaure mumbles some strange words.
Menkaure seems to speed up.
You hit Menkaure.
Menkaure is almost destroyed.
Your shadow imp hits Menkaure but does no damage.
Menkaure mumbles a few words.
Menkaure gestures at you while chanting.
Pain shoots through your body!
* * * LOW HITPOINT WARNING * * *
You hit Menkaure but do no damage.
Menkaure is almost destroyed.
Your shadow imp closely misses Menkaure.
Menkaure hits you but does no damage.
You barely miss Menkaure.
Menkaure is almost destroyed.
Menkaure hits you!!
You die...

##### ####...###
#........#
#....@M..#
#....5...# .
######'######...
.................
.........<.......
.................
.................
.................
.................


You could see Menkaure and a friendly shadow imp.

Vanquished Creatures
  An orc priest (D:3)
  Robin (D:2)
  5 adders
  A worm (D:3)
  3 dart slugs
  2 leopard geckos
  14 orcs
  4 giant cockroaches
  8 hobgoblins
  3 jackals (D:3)
  3 kobolds
  3 quokkas (D:3)
  A ball python (D:3)
  9 bats
  2 frilled lizards
  15 goblins
  5 rats
  3 plants (D:3)
83 creatures vanquished.

Vanquished Creatures (collateral kills)
  Jessica (D:2)
  An orc (D:3)
  3 goblins (D:2)
5 creatures vanquished.

Vanquished Creatures (others)
  2 plants (D:3)
2 creatures vanquished.

Grand Total: 90 creatures vanquished

Notes
Turn   | Place    | Note
-------+----------+-------------------------------------------
     0 | D:1      | Revguard the Demonspawn Gladiator began the quest for the
                  | Orb.
     0 | D:1      | Reached XP level 1. HP: 16/16 MP: 1/1
   367 | D:1      | Gained mutation: A weak demonic guardian rushes to your
                  | aid. [demonic ancestry]
   367 | D:1      | Reached XP level 2. HP: 22/22 MP: 2/2
   381 | D:1      | Reached skill level 3 in Long Blades
   809 | D:2      | Noticed Robin
   843 | D:2      | Gained mutation: You are partially covered in iridescent
                  | scales. (AC +2) [demonic ancestry]
   843 | D:2      | Reached XP level 3. HP: 5/28 MP: 3/3
   860 | D:2      | Killed Robin
  1377 | D:2      | Noticed Jessica
  1383 | D:2      | Killed Jessica
  1383 | D:2      | Reached skill level 1 in Armour
  1383 | D:2      | Reached XP level 4. HP: 34/34 MP: 4/4
  1767 | D:3      | HP: 1/34 [orc priest/divine providence (14)]
  1783 | D:3      | Gained mutation: You are mostly covered in iridescent
                  | scales. (AC +4) [demonic ancestry]
  1783 | D:3      | Reached XP level 5. HP: 13/39 MP: 5/5
  2063 | D:3      | Reached skill level 4 in Long Blades
  2443 | D:3      | Reached skill level 1 in Evocations
  3061 | D:4      | Noticed Menkaure
  3072 | D:4      | Mangled by Menkaure

Skill      XL: |  1  2  3  4  5 |
---------------+----------------+-----
Long Blades    | 3 4 |  4.2
Dodging        | 3 |  3.3
Armour         | 1 |  1.5
Evocations     | 1 |  1.2
Fighting       | |  2.9
Throwing       | |  1.7
Stealth        | |  0.8

Action                   |  1- 3 |  4- 6 || total
-------------------------+-------+-------++-------
Melee: Long sword        |    95 |   298 ||   393
       Falchion          |       |    16 ||    16
  Use: Potion            |     5 |     2 ||     7
 Stab: Sleeping          |     1 |     1 ||     2
  Eat: Chunk             |     1 |     7 ||     8
Armor: Leather armour    |    39 |    38 ||    77
Dodge: Dodged            |    84 |   120 ||   204
       Rpst.: Long sword |    32 |    28 ||    60
       Falchion          |       |     5 ||     5
